 Dungeon Crawl Stone Soup version 0.32-a0-960-g3814254bd7 (webtiles) character file.

Game seed: 724609419424390262

75 Fodor the Sneak (level 4, -2/34 HPs)
             Began as a Coglin Brigand on Apr 17, 2024.
             Killed by nerve-wracking pain
             ... invoked by Grinder
              (9 damage)
             ... on level 3 of the Dungeon.
             The game lasted 00:06:56 (1564 turns).

Fodor the Sneak (Coglin Brigand)                    Turns: 1564, Time: 00:06:58

Health: -2/34      AC:  9    Str: 11    XL:     4   Next: 31%
Magic:  4/4        EV:  4    Int: 10    God:
Gold:   69         SH:  0    Dex: 18    Spells: 3/3 levels left

rFire   . . .        a - +2 dagger {Bernhard}
rCold   . . .        n - +0 hand axe {Jia}
rNeg    . . .        m - +0 chain mail
rPois   .            (no helmet)
rElec   .            c - +0 cloak
rCorr   .            (no gloves)
SInv    .            (no boots)
Will    .....        (amulet unavailable) Stlth
                     (ring unavailable)
HPRegen 0.25/turn    (ring unavailable)
MPRegen 0.09/turn    (no gizmo)

%: no passive effects
@: revved
A: off-hand wielding, slow wielding, warmup strikes, no jewellery
a: Invent Gizmo


You were on level 3 of the Dungeon.
You visited 1 branch of the dungeon, and saw 3 of its levels.

You collected 69 gold pieces.

Inventory:

Hand Weapons
 a - a +2 dagger (weapon) {Bernhard}
 l - a +0 shortbow
 n - a +0 hand axe (offhand) {Jia}
Missiles
 d - 6 poisoned darts (quivered)
 e - 3 curare-tipped darts
Armour
 c - a +0 cloak (worn)
 m - a +0 chain mail (worn)
Scrolls
 f - a scroll of amnesia {unknown}
 h - a scroll of revelation {unknown}
 j - a scroll of enchant weapon {unknown}
Potions
 b - 2 potions of heal wounds {unknown}
 i - a potion of berserk rage {unknown}
 k - 2 potions of enlightenment {unknown}


   Skills:
 + Level 2.5 Fighting
 + Level 2.4 Short Blades
 + Level 2.2 Throwing
 + Level 0.2 Armour
 + Level 1.0 Dodging
 + Level 3.9 Stealth


You had 3 spell levels left.
You didn't know any spells.
Your spell library contained the following spells:

 Spells                   Type           Power      Damage    Failure   Level
 Foxfire                  Conj/Fire      0%         2x1d4     100%        1
 Plasma Beam              Fire/Air       0%         2x1d10    100%        6
 Starburst                Conj/Fire      0%         6d3       100%        6


Dungeon Overview and Level Annotations

Branches:
Dungeon (3/15)

Altars:
Yredelemnul

Annotations:
D:3 Grinder


Innate Abilities, Weirdness & Mutations

You can wield a second weapon in your off-hand.
It takes a long time for you to wield or remove held weapons.
Your first few attacks do less damage.
You cannot equip rings or amulets.


Message History

You are caught in a web!
The web tears apart.
You hit the ribbon worm with your +0 hand axe.
The ribbon worm is severely wounded.
You hit Grinder but do no damage.
You hit the ribbon worm with your +2 dagger.
The ribbon worm bites you but does no damage.
Grinder hits you.
You writhe in agony.
You hit the ribbon worm with your +2 dagger.
The ribbon worm is severely wounded.
You hit the ribbon worm with your +0 hand axe.
You barely miss Grinder with your +0 hand axe.
The ribbon worm bites you but does no damage.
Grinder hits you.
You writhe in agony.
You hit Grinder with your +2 dagger.
Grinder is lightly wounded.
You closely miss Grinder with your +0 hand axe.
You hit the ribbon worm with your +0 hand axe.
You kill the ribbon worm!
Grinder blinks!
Unknown command.
Grinder hits you.
* * * LOW HITPOINT WARNING * * *
You hit Grinder but do no damage.
Grinder is lightly wounded.
You hit Grinder but do no damage. Grinder hits you but does no damage.
You hit Grinder with your +0 hand axe.
Grinder is lightly wounded.
You hit Grinder with your +2 dagger. Grinder hits you but does no damage.
You barely miss Grinder with your +2 dagger.
Grinder is lightly wounded.
You hit Grinder with your +0 hand axe. Grinder hits you.
* * * LOW HITPOINT WARNING * * *
You completely miss Grinder with your +0 hand axe.
Grinder is lightly wounded.
You hit Grinder with your +2 dagger. Grinder gestures at you.
Pain shoots through your body!
You die...
Grinder sighs, "Dead already?
I want a refund."

##+##
##...##
##.....##
##.......##
#.........#
+.<..5....+
#....@....#
##.......##
##.....##
##...##
##+##


You could see Grinder.

Vanquished Creatures
  An adder (D:2)
  3 dart slugs
  3 ribbon worms
  3 ball pythons
  5 bats
  4 endoplasms (D:1)
  3 giant cockroaches (D:1)
  4 goblins
  2 hobgoblins
  6 jackals (D:2)
  3 kobolds
  3 quokkas
  2 frilled lizards (D:2)
  4 rats
46 creatures vanquished.

Notes
Turn   | Place    | Note
-------+----------+-------------------------------------------
     0 | D:1      | Fodor the Coglin Brigand began the quest for the Orb.
     0 | D:1      | Reached XP level 1. HP: 16/16 MP: 1/1
   103 | D:1      | Reached XP level 2. HP: 14/22 MP: 2/2
   373 | D:1      | Reached XP level 3. HP: 25/27 MP: 3/3
   648 | D:2      | Found a basalt altar of Yredelemnul.
   694 | D:2      | Reached skill level 1 in Dodging
   836 | D:2      | Reached XP level 4. HP: 14/34 MP: 4/4
  1541 | D:3      | Noticed Grinder
  1545 | D:3      | Paralysed by Grinder for 2 turns
  1564 | D:3      | Killed from afar by Grinder

Illustrated notes

Levels and vault maps discovered:
D:1:      lightli_iron_boxes, layout_rooms, minmay_indecisive_spiral
D:2:      layout_loops_ring, basic_altar
D:3:      layout_loops_corners, amethyst_overflow_temple_binary,
          kennysheep_okawaru_gauntlet, fedhas_ov_isle_minmay,
          nicolae_elyvilon_temple_path, uniq_grinder

Skill      XL: |  1  2  3 |
---------------+----------+-----
Throwing       | 2 |  2.2
Short Blades   | 2 |  2.4
Dodging        | 1 |  1.0
Fighting       | |  2.5
Armour         | |  0.2
Stealth        | |  3.9

Action                     |  1- 3 |  4- 6 || total
---------------------------+-------+-------++-------
  Melee: Dagger            |    89 |    27 ||   116
         Short sword       |    73 |    14 ||    87
         Hand axe          |       |    13 ||    13
  Throw: Dart              |    12 |       ||    12
   Stab: Sleeping          |     3 |       ||     3
 Armour: Robe              |     9 |       ||     9
         Leather armour    |    16 |       ||    16
         Chain mail        |    82 |    21 ||   103
  Dodge: Dodged            |    39 |     4 ||    43

Table legend: (Time is in decaauts)
 A = Elapsed time spent in this place.
 B = Non-inter-level travel time spent in this place.
 C = Inter-level travel time spent in this place.
 D = Time resting spent in this place.
 E = Time spent auto-exploring this place.
 F = Levels seen in this place.
 G = Mean time per level.
                   A        B        C        D        E       F      G
               +--------+--------+--------+--------+--------+-----+--------+
         Total |   1553 |   1553 |      0 |    315 |    672 |   3 |  517.7 |
       Dungeon |   1553 |   1553 |      0 |    315 |    672 |   3 |  517.7 |
               +--------+--------+--------+--------+--------+-----+--------+

Top non-repeatable levels by time:
     D:2: 1005 daAuts
     D:1: 524 daAuts
     D:3: 23 daAuts
